 Dungeon Crawl Stone Soup version 0.31-a0-986-g5e6e4ef867 (webtiles) character file.

Game seed: 8079349150977183959

1 SheepSpotted the Grave Robber (level 1, 0/13 HPs)
             Began as a Demonspawn Necromancer on Nov 20, 2023.
             Slain by a ball python (1 damage)
             ... on level 1 of the Dungeon.
             The game lasted 00:03:23 (122 turns).

SheepSpotted the Grave Robber (DsNe)                 Turns: 122, Time: 00:03:27

Health: 0/13       AC:  2    Str:  8    XL:     1   Next: 16%
Magic:  3/3        EV:  9    Int: 16    God:
Gold:   0          SH:  0    Dex: 13    Spells: 3/4 levels left

rFire   . . .        (no weapon)
rCold   . . .        (no shield)
rNeg    . . .        a - +0 robe
rPois   .            (no helmet)
rElec   .            (no cloak)
rCorr   .            (no gloves)
SInv    .            (no boots)
Will    .....        (no amulet)
Stlth   ++           (no ring)
HPRegen 0.22/turn    (no ring)
MPRegen 0.08/turn

%: no passive effects
@: constricted
A: no striking features
a: no special abilities


You were on level 1 of the Dungeon.
You visited 1 branch of the dungeon, and saw 1 of its levels.

Inventory:

Armour
 a - a +0 robe (worn)
Scrolls
 c - 3 scrolls of identify {unknown}
Potions
 b - a potion of magic


   Skills:
 + Level 1.7 Dodging
 + Level 1.7 Stealth
 + Level 2.0 Spellcasting
 + Level 4.4 Necromancy


You had 3 spell levels left.
You knew the following spells:

 Your Spells              Type           Power      Damage    Failure   Level
a - Necrotise             Necr           60%        1d7       3%          1

Your spell library contained the following spells:

 Spells                   Type           Power      Damage    Failure   Level
 Vampiric Draining        Necr           15%        2d7       10%         3
 Animate Dead             Necr           15%        N/A       32%         4
 Agony                    Necr           15%        N/A       67%         5


Dungeon Overview and Level Annotations

Branches:
Dungeon (1/15)

Altars:


Message History

You hit the ball python but do no damage.
The ball python is severely wounded.
The ball python bites you. The ball python constricts you.
* * * LOW HITPOINT WARNING * * *
The ball python bites you but does no damage.
The ball python constricts you.
* * * LOW HITPOINT WARNING * * *
You escape the ball python's grasp.
You see here a puce potion.
Your magic is already full.
Char dumped successfully.
The ball python attacks as it pursues you!
The ball python bites you.
* * * LOW HITPOINT WARNING * * *
The ball python barely misses you.
The ball python attacks as it pursues you!
The ball python barely misses you. The ball python grabs you.
The ball python constricts you.
You escape the ball python's grasp.
The ball python attacks as it pursues you!
The ball python closely misses you. The ball python grabs you.
The ball python constricts you.
* * * LOW HITPOINT WARNING * * *
The ball python barely misses you. The ball python constricts you.
You escape the ball python's grasp.
You see here a giant cockroach corpse.
The ball python attacks as it pursues you!
The ball python bites you. The ball python barely misses you. x2
The ball python closely misses you.
There is an open door here.
You see here a demonspawn skeleton.
You see here a demonspawn skeleton.
You see here a goblin skeleton.
The ball python attacks as it pursues you!
The ball python bites you.
* * * LOW HITPOINT WARNING * * *
The ball python grabs you. The ball python constricts you.
* * * LOW HITPOINT WARNING * * *
The ball python bites you.
You die...

#########
#÷...÷..#
#...<÷..#
#÷.÷..÷.#
#...#÷÷.#
#÷÷@#÷.÷#
#.÷S#...#
#.÷÷>...#
##÷###.##
##'###+#
#......#
#†######
#.#
###.######


You could see a ball python.

Vanquished Creatures
  A giant cockroach (D:1)
1 creature vanquished.

Notes
Turn   | Place    | Note
-------+----------+-------------------------------------------
     0 | D:1      | SheepSpotted the Demonspawn Necromancer began the quest for
                  | the Orb.
     0 | D:1      | Reached XP level 1. HP: 13/13 MP: 3/3
   122 | D:1      | Slain by a ball python

Illustrated notes

Levels and vault maps discovered:
D:1:      heliophobic_arrival_battle_scene, layout_basic,
          dreamdust_ecumenical_altar_hidden_monk_grotto, st_stairs_7

Action                     || total
---------------------------++-------
  Melee: Unarmed           ||    24
 Armour: Robe              ||    22
  Dodge: Dodged            ||    24

Table legend: (Time is in decaauts)
 A = Elapsed time spent in this place.
 B = Non-inter-level travel time spent in this place.
 C = Inter-level travel time spent in this place.
 D = Time resting spent in this place.
 E = Time spent auto-exploring this place.
 F = Levels seen in this place.
 G = Mean time per level.
                   A        B        C        D        E       F      G
               +--------+--------+--------+--------+--------+-----+--------+
         Total |    122 |     67 |     55 |      0 |      0 |   1 |  122.0 |
       Dungeon |    122 |     67 |     55 |      0 |      0 |   1 |  122.0 |
               +--------+--------+--------+--------+--------+-----+--------+

Top non-repeatable levels by time:
     D:1: 122 daAuts
